AoeStats
← [KMNB] Bandeira

African Clearing

510343037Analyzed
2v2 RM · 1d ago on Sep 30, 2026· 38m 56s· 4 players
Game mode
Random Map
Map size
Medium (4 player)
Population
200
Speed
Normal
Resources
Standard
Victory
Conquest
Starting age
Dark Age
Ending age
Imperial Age
RankedLock teamsTeams togetherTeam positionsShared explorationLock speedFull tech treeHidden civsTurbo modeCheats
Victory
Defeat
🇧🇷 Varangians · Brazil
1548
+10
🇧🇷 Huns · Brazil
1484
+13
1474
-14
🇪🇸 Huns · Spain
1347
-9
[KMNB] Dedão
4:26 Loom
12:45 Feudal Age
13:31 Double-Bit Axe
17:22 Forging
21:36 Castle Age
20:27 Fletching
21:38 Bloodlines
22:21 Bodkin Arrow
24:04 Gold Mining
28:50 Ballistics
34:38 Bow Saw
34:10 Horse Collar
35:56 Wheelbarrow
36:05 Padded Archer Armor
37:38 Town Watch
38:22 Leather Archer Armor
[KMNB] Bandeira
6:25 Loom
12:53 Feudal Age
13:25 Double-Bit Axe
14:45 Horse Collar
16:52 Forging
18:41 Bloodlines
25:56 Castle Age
24:10 Gold Mining
26:12 Light Cavalry
30:06 Husbandry
33:35 Scale Barding Armor
35:34 Chain Barding Armor
[KBRA] EagleK
2:53 Loom
13:30 Feudal Age
19:01 Castle Age
19:42 Wheelbarrow
22:15 Fletching
25:38 Bodkin Arrow
27:18 Bloodlines
29:48 Ballistics
34:18 Double-Bit Axe
34:16 Horse Collar
35:34 Padded Archer Armor
38:07 Thumb Ring
[KBRA] Huracan_Parre
7:35 Loom
7:41 Loom
12:50 Feudal Age
13:47 Double-Bit Axe
17:22 Castle Age
17:04 Scale Mail Armor
18:33 Forging
20:04 Town Watch
22:08 Arson
25:42 Squires
30:35 Wheelbarrow
34:25 Chain Mail Armor
34:56 Fletching
35:47 Horse Collar
Connection lost

Rejoining the realm…

Still unreachable

The connection could not be restored.

Session expired

The server has moved on; the page needs a fresh start.